 Dungeon Crawl Stone Soup version 0.26-a0-466-g989023bd0d (webtiles) character file.

Game seed: 15828111339236134474

1 Goblin1989 the Sneak (level 1, -5/18 HPs)
             Began as a Demonspawn Delver on Aug 6, 2020.
             Slain by a bullfrog (8 damage)
             ... on level 6 of the Dungeon.
             The game lasted 00:02:11 (158 turns).

Goblin1989 the Sneak (Demonspawn Delver)             Turns: 158, Time: 00:02:12

Health: -5/18      AC:  3    Str: 12    XL:     1   Next: 16%
Magic:  1/1        EV: 12    Int: 11    God:
Gold:   0          SH:  0    Dex: 14    Spells: 0/0 levels left

rFire    . . .     SeeInvis .   a - +0 short sword
rCold    . . .     Faith    .   (no shield)
rNeg     . . .     Spirit   .   b - +0 leather armour
rPois    .         Reflect  .   (no helmet)
rElec    .         Harm     .   (no cloak)
rCorr    .                      (no gloves)
MR       .....                  (no boots)
Stlth    ++........             (no amulet)
HPRegen  0.06/turn              (no ring)
MPRegen  0.07/turn              (no ring)

@: very slow
A: no striking features
a: no special abilities


You were on level 6 of the Dungeon.
You visited 1 branch of the dungeon, and saw 2 of its levels.

Inventory:

Hand Weapons
 a - a +0 short sword (weapon)
Armour
 b - a +0 leather armour (worn)
Wands
 g - a wand of digging (3) {@v1}
Scrolls
 c - a scroll of fog
 e - a scroll of fear
Potions
 N - 2 potions of curing {unknown}


   Skills:
 + Level 3.0 Fighting
 * Level 1.8 Short Blades
 + Level 1.8 Dodging
 + Level 4.5 Stealth


You couldn't memorise any spells.
You didn't know any spells.
Your spell library was empty.

Dungeon Overview and Level Annotations

Branches:
Dungeon (6/15)
 Temple: D:4-7

Altars:


Message History

Found a stone staircase leading down.
An iguana and an ogre come into view.
Unknown command.
The phantom blinks!
The phantom blinks!
The giant cockroach barely misses you. The phantom closely misses you.
The phantom barely misses you.
The giant cockroach bites you but does no damage.
You hit the giant cockroach.
The giant cockroach is almost dead.
The phantom blinks!
There is a stone staircase leading down here.
You barely miss the giant cockroach.
The giant cockroach is almost dead.
The giant cockroach barely misses you.
You hit the giant cockroach.
You kill the giant cockroach!
The phantom blinks!
Unknown command.
Unknown command.
You climb downwards.
You hear the sound of rushing water.
There is an entrance to a sewer on this level.
Hurry and find it before the portal rusts away!
A bullfrog comes into view.
Found 10 gold pieces.
Found an escape hatch in the ceiling.
There is a stone staircase leading up here.
Unknown command.
Found 24 stones. 2 orcs come into view.
Unknown command.
An orc comes into view. It is wielding a +0 short sword.
The orc shouts!
An orc warrior comes into view. It is wielding a +0 battleaxe.
An orc comes into view. It is wielding a +0 hand axe.
Found a scroll labeled NEAZ BEASA.
A hound comes into view.
There is an escape hatch in the ceiling here.
As you read the scroll of magic mapping, it crumbles to dust.
You feel aware of your surroundings.
You sensed 1 shop/portal.
The bullfrog closely misses you. The bullfrog barely misses you.
The bullfrog closely misses you. x2
The bullfrog hits you.
You take 6 damage, and have 12/18 hp.
MASSIVE DAMAGE!!
You feel yourself speed up. The bullfrog barely misses you.
An iguana comes into view.
Found a leather armour.
An adder comes into view.
The bullfrog closely misses you. The bullfrog hits you.
Unknown command.
You take 4 damage, and have 9/18 hp.
MASSIVE DAMAGE!!
The bullfrog closely misses you. The orc closely misses you.
A quokka comes into view.
Found a stone staircase leading up.
A hound skeleton comes into view.
The quokka bites you.
* * * LOW HITPOINT WARNING * * *
The hound skeleton moves out of view.
Found a scimitar.
You take 1 damage, and have 8/18 hp.
The quokka closely misses you. The quokka bites you.
* * * LOW HITPOINT WARNING * * *
You take 5 damage, and have 3/18 hp.
MASSIVE DAMAGE!!
A quokka zombie comes into view.
A hound skeleton comes into view.
You hear the slow rusting of a drain nearby.
Found a grey potion.
Found a stone staircase leading down.
Found 16 sling bullets and 13 stones.
Your extra speed is starting to run out.
A sky beast comes into view.
The quokka twitches its whiskers.
You feel yourself slow down.
A centaur skeleton comes into view.
The centaur skeleton moves out of view.
A leopard gecko comes into view.
A giant cockroach comes into view.
The bullfrog barely misses you.
You enter the shallow water.
Moving in this stuff is going to be slow.
The bullfrog hits you.
* * * LOW HITPOINT WARNING * * *
The leopard gecko hisses angrily.
You take 2 damage, and have 3/18 hp.
A giant cockroach comes into view.
The leopard gecko barely misses you.
The giant cockroach splashes around in the water.
The bullfrog barely misses you.
The leopard gecko bites you but does no damage.
The giant cockroach closely misses you.
The bullfrog hits you but does no damage.
The leopard gecko barely misses you.
The giant cockroach splashes around in the water.
The bullfrog barely misses you.
The leopard gecko splashes around in the water.
The giant cockroach bites you but does no damage.
The bullfrog hits you!
You die...

▓····..........█ █..█████....▓█.
▓····.........████..█▓▓▓...████.
▓▓···██.....o██≈█████▓≈██████...
▓··.█..██...█≈s≈≈≈≈≈≈≈≈▓███....
▓·......█...█≈≈≈▓▓▓▓≈≈≈██......
▓▓▓...........██≈█▓≈≈▓▓≈██....█..
▓·...........o.█≈█≈≈∩≈▓≈█>.......
··.............█≈█≈≈≈≈▓≈██ZZ..r.█
·.............██@██≈≈▓▓≈▓█.......
·.............█≈Fs█≈≈▓≈≈≈█.......
·........$....█≈l≈█≈≈≈≈≈≈█.......
·.?...........██Y██████≈██.......
▓·............██Z█....███........
··.......<..<.██r██...Z.r..█((...
··....█......███.Z.Z...█████.█...
▓·h..·█.......██.........█▓·.██.█
▓▓····█.......██..█...........▓██


You could see a sky beast, a bullfrog, a leopard gecko, a quokka, 2 giant
cockroaches and 2 hound skeletons.

Vanquished Creatures
  A giant cockroach (D:5)
1 creature vanquished.

Notes
Turn   | Place    | Note
-------+----------+-------------------------------------------
     0 | D:5      | Goblin1989 the Demonspawn Delver began the quest for the
                  | Orb.
     0 | D:5      | Reached XP level 1. HP: 18/18 MP: 1/1
    26 | D:5      | Noticed a phantom
    40 | D:5      | Noticed an ogre
    40 | D:5      | Noticed an iguana
    68 | D:6      | Noticed a bullfrog
    74 | D:6      | Noticed an orc warrior
    80 | D:6      | Noticed a hound
    94 | D:6      | Noticed an iguana
   140 | D:6      | Noticed a sky beast
   158 | D:6      | Slain by a bullfrog

Illustrated notes

Levels and vault maps discovered:
D:5:      layout_rooms, nicolae_dithmenos_the_darkroom, uniq_edmund
D:6:      layout_cave_pools, gup_sewer_entry_bubbles, uniq_maggie

Action                   || total
-------------------------++-------
Melee: Short sword       ||     3
  Use: Scroll            ||     1
       Potion            ||     1
Armor: Leather armour    ||     4
Dodge: Dodged            ||    20

Table legend: (Time is in decaauts)
 A = Elapsed time spent in this place.
 B = Non-inter-level travel time spent in this place.
 C = Inter-level travel time spent in this place.
 D = Time resting spent in this place.
 E = Time spent auto-exploring this place.
 F = Levels seen in this place.
 G = Mean time per level.
                   A        B        C        D        E       F      G
               +--------+--------+--------+--------+--------+-----+--------+
         Total |    139 |    139 |      0 |      0 |      0 |   2 |   69.5 |
       Dungeon |    139 |    139 |      0 |      0 |      0 |   2 |   69.5 |
               +--------+--------+--------+--------+--------+-----+--------+

Top non-repeatable levels by time:
     D:6: 71 daAuts
     D:5: 68 daAuts
